 Dungeon Crawl Stone Soup version 0.21-a0-265-gb353147 (webtiles) character file.

102 JackS81 the Changer (level 4, -4/32 HPs)
             Began as a Merfolk Transmuter on Sept 11, 2017.
             Killed by nerve-wracking pain
             ... invoked by an orc priest
              (11 damage)
             ... on level 3 of the Dungeon.
             The game lasted 00:08:09 (2436 turns).

JackS81 the Changer (Merfolk Transmuter)            Turns: 2436, Time: 00:08:09

Health: -4/32      AC:  2    Str: 10    XL:     4   Next: 77%
Magic:  5/7        EV: 21    Int: 13    God:
Gold:   86         SH:  0    Dex: 19    Spells: 3/7 levels left

rFire    . . .     SeeInvis .     - Unarmed
rCold    . . .     Gourm    .   (shield currently unavailable)
rNeg     . . .     Faith    .   (armour currently unavailable)
rPois    x         Spirit   .   (helmet currently unavailable)
rElec    .         Reflect  .   (cloak currently unavailable)
rCorr    .         Harm     .   (gloves currently unavailable)
MR       .....                  (boots currently unavailable)
Stlth    ++........             (no amulet)
HPRegen  0.10/turn              (no ring)
MPRegen  0.10/turn              (no ring)

@: spider-form (expiring)
A: (change form in water), (swift swim), (stealthy swim)
a: End Transformation


You were on level 3 of the Dungeon.
You were not hungry.
You were a venomous arachnid creature.
You visited 1 branch of the dungeon, and saw 3 of its levels.

You collected 86 gold pieces.

Inventory:

Missiles
 a - 27 arrows
Armour
 b - a +0 robe (melded)
Wands
 t - a wand of confusion (23/48)
Scrolls
 f - a scroll of magic mapping {unknown}
 g - a scroll of enchant armour {unknown}
 i - 3 scrolls of identify {unknown}
 l - 2 scrolls of remove curse {unknown}
 m - a scroll of fog {unknown}
 o - 2 scrolls of teleportation {unknown}
Potions
 e - a potion of heal wounds {unknown}
 h - 2 potions of mutation {unknown}
 j - a potion of curing {unknown}
 k - a potion of flight {unknown}
 n - a potion of magic {unknown}
 s - a potion of berserk rage {unknown}
Books
 c - a book of Changes

   Spells                             Type                      Level
   a - Beastly Appendage              Transmutation                1
   b - Sticks to Snakes               Transmutation                2
   c - Spider Form                    Transmutation/Poison         3
   d - Ice Form                       Ice/Transmutation            4
   e - Blade Hands                    Transmutation                5
Comestibles
 d - 2 bread rations
 p - a meat ration
 q - a chunk of flesh
 r - a royal jelly


   Skills:
 - Level 1.1 Fighting
 - Level 2.6 Dodging
 - Level 3.2 Unarmed Combat
 - Level 2.0 Spellcasting
 * Level 6.2 Transmutations
 + Level 0.4 Poison Magic


You had 3 spell levels left.
You knew the following spells:

 Your Spells              Type           Power        Failure   Level  Hunger
a - Beastly Appendage     Tmut           ###...       8%          1    ##.....
b - Spider Form           Tmut/Pois      ##........   38%         3    ####...


Dungeon Overview and Level Annotations

Branches:
Dungeon (3/15)

Altars:


Message History

The orc priest closely misses you.
Things that are here:
a mace; a ring mail; an orc corpse You barely miss the orc priest.
The orc priest hits you with a mace.
You barely miss the orc priest. You bite the orc priest!
The orc priest is poisoned.
The orc priest is heavily wounded.
The orc priest hits you with a mace.
You hit the orc priest but do no damage.
The orc priest looks as sick as possible!
The orc priest is heavily wounded.
The orc priest invokes the aid of Beogh against you.
Beogh smites you!
* * * LOW HITPOINT WARNING * * *
The orc shouts!
You hit the orc priest.
The orc priest is severely wounded.
The orc priest mumbles some strange prayers to Beogh against you.
Pain shoots through your body!
You die...

#.# #........# #.#
##..o.....# # >.# ..#
#.......... ## #..# #.#.#
#....$...%= .# #..###.#.#
##.......... .####
#....#.#.###...........
....###.##.#.#..##...........
##...##.##.#.##.#).#.........
##.....##.#.#..so###........
##.#..##.#.#..### .........
#.##.##.#....# .#......S
#.##.##....#.# ......
#.##............ ..###
#..........#.....
####..##.#.#..#.....#
.<....##.#..........#
#..##.##.#..###.....#


You could see an orc priest and an orc.

Vanquished Creatures
  4 adders
  An ooze (D:2)
  A worm (D:3)
  4 leopard geckos
  An orc (D:3)
  2 giant cockroaches (D:2)
  6 goblins
  6 hobgoblins
  2 jackals (D:1)
  10 bats
  5 frilled lizards (D:1)
  6 kobolds
  7 rats
55 creatures vanquished.

Notes
Turn   | Place    | Note
-------+----------+-------------------------------------------
     0 | D:1      | JackS81 the Merfolk Transmuter began the quest for the Orb.
     0 | D:1      | Reached XP level 1. HP: 15/15 MP: 3/3
    31 | D:1      | Reached skill level 3 in Transmutations
   104 | D:1      | Reached XP level 2. HP: 14/21 MP: 3/5
   242 | D:1      | Reached skill level 4 in Transmutations
   576 | D:1      | Reached XP level 3. HP: 24/26 MP: 4/6
  1065 | D:2      | Reached skill level 5 in Transmutations
  1754 | D:2      | Reached XP level 4. HP: 31/32 MP: 7/7
  1760 | D:2      | Learned a level 3 spell: Spider Form
  2055 | D:3      | Reached skill level 6 in Transmutations
  2436 | D:3      | Killed from afar by an orc priest

Vault maps used:
D:1:      mushboom_english_gardens, roderic_three_in_a_row, grunt_decor_clamped,
          minmay_misc_feat_x
D:2:      nrook_uturn
D:3:      hangedman_abyss_or_decor_lesser_grid

Skill      XL: |  1  2  3  4 |
---------------+-------------+-----
Transmutations | 3 4 5 6 |  6.2
Fighting       | |  1.1
Dodging        | |  2.6
Unarmed Combat | |  3.2
Spellcasting   | |  2.0
Poison Magic   | |  0.4

Action                   |  1- 3 |  4- 6 || total
-------------------------+-------+-------++-------
Melee: Unarmed           |   134 |    49 ||   183
       Headbutt          |    14 |     2 ||    16
       Punch             |     3 |       ||     3
 Cast: Beastly Appendage |    19 |     4 ||    23
       Spider Form       |       |    10 ||    10
 Stab: Sleeping          |     2 |       ||     2
  Eat: Chunk             |     3 |     4 ||     7
Armor: Robe              |    28 |     1 ||    29
       Skin              |       |     1 ||     1
Dodge: Dodged            |    94 |    35 ||   129

Table legend:
 A = Spawn XP
 B = Non-spawn XP
 C = Spawn XP percentage of total XP
 D = Spawn monster count
 E = Non-spawn monster count
 F = Spawn count percentage of total count
 G = Total turns spent on level
                    A         B        C        D         E        F      G
               +---------+---------+-------+---------+---------+-------+---------
         Total |       0 |     146 |   0.0 |       0 |      55 |   0.0 |  2436
               +---------+---------+-------+---------+---------+-------+---------
           D:1 |       0 |      43 |   0.0 |       0 |      28 |   0.0 |  1053
           D:2 |       0 |      67 |   0.0 |       0 |      15 |   0.0 |   958
           D:3 |       0 |      36 |   0.0 |       0 |      12 |   0.0 |   425
               +---------+---------+-------+---------+---------+-------+---------
